 Dungeon Crawl Stone Soup version 0.24-a0-235-g3f03afc (webtiles) character file.

Game seed: 9720197032181811891

40 Ijustatesigmund the Ducker (level 3, 0/26 HPs)
             Began as an Octopode Fighter on Apr 5, 2019.
             Slain by a quokka (5 damage)
             ... on level 2 of the Dungeon.
             The game lasted 00:01:17 (524 turns).

Ijustatesigmund the Ducker (Octopode Fighter)        Turns: 524, Time: 00:01:19

Health: 0/26       AC:  1    Str: 18 (20) XL:     3   Next: 50%
Magic:  3/3        EV: 11    Int:  7 (10) God:
Gold:   50         SH:  9    Dex: 10 (12) Spells: 2/2 levels left

rFire    . . .     SeeInvis .   a - +1 war axe
rCold    . . .     Gourm    .   b - +0 shield
rNeg     . . .     Faith    .   (helmet restricted)
rPois    .         Spirit   .   (no amulet)
rElec    .         Reflect  .   g - ring of wizardry
rCorr    .         Harm     .   (no ring)
MR       .....                  (no ring)
Stlth    ++........             (no ring)
HPRegen  0.08/turn              (no ring)
MPRegen  0.08/turn              (no ring)
                                (no ring)
                                (no ring)

@: mighty
A: almost no armour, stealthy swim, amphibious, 8 rings, constrict 8, camouflage
1, gelatinous body 1
a: no special abilities


You were on level 2 of the Dungeon.
You were not hungry.

You visited 1 branch of the dungeon, and saw 2 of its levels.

You collected 50 gold pieces.

Inventory:

Hand Weapons
 a - a +1 war axe (weapon)
Armour
 b - a +0 shield (worn)
Jewellery
 g - a ring of wizardry (left tentacle)
Scrolls
 e - a scroll of remove curse
Potions
 f - a potion of degeneration
 h - a potion of curing {unknown}
 i - a potion of magic {unknown}
Comestibles
 d - a ration


   Skills:
 + Level 3.3 Fighting
 * Level 2.8 Axes
 + Level 3.3 Dodging
 + Level 3.3 Shields


You had 2 spell levels left.
You didn't know any spells.
Your spell library was empty.

Dungeon Overview and Level Annotations

Branches:
Dungeon (2/15)

Altars:


Innate Abilities, Weirdness & Mutations

You cannot wear most types of armour.
You are very stealthy in the water. (Stealth+)
You are amphibious.
You can wear up to eight rings at the same time.
You can use your tentacles to constrict eight enemies at once.
Your skin changes colour to match your surroundings (Stealth+).
Your rubbery body absorbs attacks. (AC +1, EV +1)


Message History

You feel very mighty all of a sudden.
The ball python bites you but does no damage.
The ball python constricts you. The quokka bites you.
The quokka barely misses you. The goblin barely misses you.
The adder hisses angrily.
You slash the ball python!
You kill the ball python!
You closely miss the quokka. You barely miss the goblin.
You completely miss the quokka. The quokka barely misses you.
The quokka bites you. You block the quokka's attack.
The goblin closely misses you. The rat bites you.
* * * LOW HITPOINT WARNING * * *
You block the quokka's attack.
It was a potion of degeneration.
There was something very wrong with that liquid.
You feel weakened.
You feel dopey.
You feel clumsy. The adder closely misses you.
The quokka twitches its whiskers.
The quokka bites you.
You die...

.......##......
.......... ....
..............
###(#..#?#.....
#....S. .......
#.....##....#
#..Srr.....#
#...@r.....#
########g.#...#
##.......c.#...#
##.......####...#
#.........# ...#
#.........# ...#
#.....)...# ####
#.........#
#.......<.#


You could see a centaur, 2 adders, 2 quokkas, a goblin and a rat.

Vanquished Creatures
  An adder (D:2)
  2 dart slugs (D:1)
  A leopard gecko (D:1)
  3 bats (D:1)
  A giant cockroach (D:1)
  6 goblins
  4 hobgoblins
  2 ball pythons
  3 kobolds (D:1)
  3 rats (D:1)
26 creatures vanquished.

Notes
Turn   | Place    | Note
-------+----------+-------------------------------------------
     0 | D:1      | Ijustatesigmund the Octopode Fighter began the quest for
                  | the Orb.
     0 | D:1      | Reached XP level 1. HP: 16/16 MP: 1/1
    83 | D:1      | Reached XP level 2. HP: 18/21 MP: 2/2
   268 | D:1      | Reached XP level 3. HP: 23/26 MP: 3/3
   516 | D:2      | Noticed a centaur
   524 | D:2      | Slain by a quokka

Levels and vault maps discovered:
D:1:      doesnt_arrival_eight_statues, layout_rooms, minmay_crystal_room,
          minmay_misc_feat_x
D:2:      layout_rooms, first_ration, dk_yredelemnul_ordeal

Action                   || total
-------------------------++-------
Melee: War axe           ||    35
       Constrict         ||     8
       Tentacles         ||     5
  Use: Scroll            ||     2
       Potion            ||     2
 Stab: Sleeping          ||     7
Armor: Skin              ||     7
Dodge: Dodged            ||    21
Block: Shield            ||    17

Table legend:
 A = Non-vault XP
 B = Vault XP
 C = Vault XP percentage of total XP
 D = Non-vault monster count
 E = Vault monster count
 F = Vault count percentage of total count
                 A         B        C        D         E       F
            +---------+---------+-------+---------+---------+-------
      Total |      58 |       0 |   0.0 |      26 |       0 |   0.0
            +---------+---------+-------+---------+---------+-------
        D:1 |      40 |       0 |   0.0 |      22 |       0 |   0.0
        D:2 |      18 |       0 |   0.0 |       4 |       0 |   0.0
            +---------+---------+-------+---------+---------+-------
